 Dungeon Crawl Stone Soup version 0.23.2-40-g277498a001 (webtiles) character file.

Game seed: 2441160259559335227

354 DenSaoPin the Skirmisher (level 6, -2/51 HPs)
             Began as a Demonspawn Skald on Oct 2, 2019.
             Slain by an ogre
             ... wielding a +0 giant club
              (25 damage)
             ... on level 4 of the Dungeon.
             The game lasted 00:15:22 (4243 turns).

DenSaoPin the Skirmisher (Demonspawn Skald)         Turns: 4243, Time: 00:15:22

Health: -2/51      AC:  5    Str: 13    XL:     6   Next: 35%
Magic:  14/18      EV:  9    Int: 15    God:
Gold:   125        SH:  6    Dex: 12    Spells: 8/9 levels left

rFire    . . .     SeeInvis .   a - +0 short sword
rCold    . . .     Gourm    .   h - +0 shield
rNeg     . . .     Faith    .   (no armour)
rPois    .         Spirit   .   l - +0 helmet
rElec    .         Reflect  .   (no cloak)
rCorr    .         Harm     .   (no gloves)
MR       .....                  (no boots)
Stlth    +.........             i - amulet of the acrobat
HPRegen  0.17/turn              o - ring of magical power
MPRegen  0.16/turn              (no ring)

@: infused
A: hooves 1, iridescent scales 2
a: no special abilities


You were on level 4 of the Dungeon.
You were hungry.

You visited 1 branch of the dungeon, and saw 4 of its levels.

You collected 125 gold pieces.

Inventory:

Hand Weapons
 a - a +0 short sword (weapon)
 m - a +0 short sword
Armour
 b - a +0 leather armour
 h - a +0 shield (worn)
 l - a +0 helmet (worn)
 r - a +3 scale mail
Jewellery
 f - an uncursed amulet of guardian spirit
 i - an amulet of the acrobat (around neck)
 o - a ring of magical power (left hand)
Scrolls
 e - 3 scrolls of remove curse {unknown}
 j - 2 scrolls of fog {unknown}
 k - 3 scrolls of teleportation {unknown}
 n - 3 scrolls of identify {unknown}
 p - a scroll of magic mapping {unknown}
Potions
 c - a potion of ambrosia {unknown}
 g - 2 potions of heal wounds {unknown}
 q - a potion of degeneration {unknown}
 t - a potion of lignification {unknown}
Comestibles
 d - 11 rations


   Skills:
 + Level 5.3 Fighting
 + Level 4.0 Short Blades
 - Level 0.8 Armour
 - Level 1.7 Dodging
 - Level 2.1 Spellcasting
 - Level 2.8 Charms


You had 8 spell levels left.
You knew the following spells:

 Your Spells              Type           Power        Failure   Level  Hunger
a - Infusion              Chrm           #...         45%         1    #......

Your spell library contained the following spells:

 Spells                   Type           Power        Failure   Level  Hunger
 Song of Slaying          Chrm           #.......     58%         2    ###....
 Shroud of Golubria       Chrm/Tloc      #.........   78%         2    ###....
 Regeneration             Chrm/Necr      #.........   95%         3    ###....
 Spectral Weapon          Hex/Chrm       #.......     95%         3    ###....


Dungeon Overview and Level Annotations

Branches:
Dungeon (4/15)
 Temple: D:4-7

Altars:
Makhleb
Vehumet
The Shining One

Annotations:
D:2 Sigmund


Innate Abilities, Weirdness & Mutations

You have large cloven feet.
You are mostly covered in iridescent scales. (AC +4)


Message History

Casting: Infusion (safe; 45% risk of failure)
Confirm with . or Enter, or press ? or * to list all spells.
Okay, then.
Casting: Infusion (safe; 45% risk of failure)
Confirm with . or Enter, or press ? or * to list all spells.
You begin infusing your attacks with magical energy.
The ogre closely misses you.
Your shield prevents you from hitting the ogre.
The ogre is lightly wounded.
You hit the ogre. You kick the ogre, but do no damage.
The ogre is moderately wounded.
The ogre hits you with a +0 giant club!
You hit the ogre. You kick the ogre, but do no damage.
The ogre is heavily wounded.
You block the ogre's attack.
You hit the ogre!
The ogre is severely wounded.
You are feeling hungry.
The ogre hits you with a +0 giant club!!
You die...

#.....................###
##..#........#..#.....†##
# #<..........#..##....
#. #....#.#...###.###...
#..#....####....#..##..#
#.......###.........#.##
.?.......###.....##...#
##...#...##...##.##.####
#...#.@.###..#........#
##.....O.##...##.#.#....
........###.....####..##
...#.............##..##
.. #.........##..##.## .
#.........##..>....# #
#........##...##.### .
#........##J####..###.
#..........S. #......


You could see an ogre.

Vanquished Creatures
  A crimson imp (D:3)
  A hound (D:3)
  An iguana (D:4)
  Natasha (twice) (D:2)
  Terence (D:3)
  Robin (D:1)
  6 adders
  An ooze (D:4)
  An adder skeleton (D:4)
  4 worms
  2 dart slugs (D:1)
  5 leopard geckos
  An orc (D:3)
  5 ball pythons
  4 giant cockroaches
  12 goblins
  9 hobgoblins
  3 jackals (D:1)
  2 quokkas (D:3)
  11 bats
  3 frilled lizards
  9 kobolds
  8 rats
93 creatures vanquished.

Notes
Turn   | Place    | Note
-------+----------+-------------------------------------------
     0 | D:1      | DenSaoPin the Demonspawn Skald began the quest for the Orb.
     0 | D:1      | Reached XP level 1. HP: 16/16 MP: 3/3
   216 | D:1      | Gained mutation: You have large cloven feet. [demonic
                  | ancestry]
   216 | D:1      | Reached XP level 2. HP: 12/22 MP: 5/5
  1021 | D:1      | Reached XP level 3. HP: 28/28 MP: 6/6
  1287 | D:2      | Noticed Natasha
  1296 | D:2      | Killed Natasha
  1296 | D:2      | Reached skill level 3 in Fighting
  1338 | D:2      | Noticed Natasha
  1358 | D:2      | Killed Natasha
  1358 | D:2      | Gained mutation: You are partially covered in iridescent
                  | scales. (AC +2) [demonic ancestry]
  1358 | D:2      | Reached XP level 4. HP: 13/35 MP: 1/7
  1562 | D:2      | Found a glowing golden altar of the Shining One.
  1689 | D:2      | Noticed Sigmund
  1748 | D:2      | Noticed Robin
  1873 | D:1      | Killed Robin
  2320 | D:2      | Gained mutation: You are mostly covered in iridescent
                  | scales. (AC +4) [demonic ancestry]
  2320 | D:2      | Reached XP level 5. HP: 22/42 MP: 8/8
  2900 | D:3      | Found a burning altar of Makhleb.
  2901 | D:3      | Found a radiant altar of Vehumet.
  2926 | D:3      | Reached skill level 4 in Fighting
  3032 | D:3      | Noticed Terence
  3104 | D:3      | Killed Terence
  3406 | D:3      | Reached skill level 5 in Fighting
  3996 | D:3      | Reached XP level 6. HP: 51/51 MP: 9/9
  4051 | D:4      | Found the +9 staff of Olgreb {rPois}
  4243 | D:4      | Slain by an ogre

Skill      XL: |  1  2  3  4  5  6 |
---------------+-------------------+-----
Short Blades   | 2 3 4 |  4.0
Fighting       | 3 5 |  5.3
Armour         | |  0.8
Dodging        | |  1.7
Spellcasting   | |  2.1
Charms         | |  2.8

Action                   |  1- 3 |  4- 6 || total
-------------------------+-------+-------++-------
Melee: Short sword       |    92 |   323 ||   415
       Kick              |    12 |    92 ||   104
 Cast: Infusion          |     3 |    11 ||    14
  Eat: Chunk             |     1 |    10 ||    11
Armor: Leather armour    |    14 |    90 ||   104
       Scale mail        |       |    71 ||    71
Dodge: Dodged            |    61 |   184 ||   245
Block: Shield            |       |   123 ||   123
